 Dungeon Crawl Stone Soup version 0.29.1-15-g9cfb28693d (webtiles) character file.

Game seed: 6627081173621674193

619 QwertyIsDirtey the Trooper (level 7, -23/62 HPs)
             Began as a Minotaur Berserker on Mar 24, 2023.
             Was a Believer of Trog.
             Annihilated by an ogre
             ... wielding a +0 giant club
              (24 damage)
             ... on level 5 of the Dungeon.
             The game lasted 00:12:47 (2531 turns).

QwertyIsDirtey the Trooper (Minotaur Berserker)     Turns: 2531, Time: 00:12:47

Health: -23/62     AC:  4    Str: 24    XL:     7   Next: 21%
Magic:  6/6        EV: 14    Int:  2    God:    Trog [**....]
Gold:   100        SH:  0    Dex: 17    Spells: 6/6 levels left

rFire   . . .      SeeInvis .   o - +2 dagger (holy)
rCold   . . .      Faith    .   (no shield)
rNeg    . . .      Spirit   .   m - +1 leather armour "Juutoeqo" {rElec rPois Int-2 Dex+8}
rPois   +          Reflect  .   (helmet restricted)
rElec   +          Harm     .   (no cloak)
rCorr   .          Rampage  .   (no gloves)
Will    .....                   (no boots)
Stlth   ++........              (no amulet)
HPRegen 0.20/turn               (no ring)
MPRegen 0.10/turn               (no ring)

@: no status effects
A: horns 2, retaliatory headbutt
a: Renounce Religion, Berserk, Trog's Hand


You were on level 5 of the Dungeon.
You worshipped Trog.
Trog was pleased with you.
You visited 1 branch of the dungeon, and saw 5 of its levels.

You collected 100 gold pieces.

Inventory:

Hand Weapons
 a - a +0 spear
 o - a +2 dagger of holy wrath (weapon)
 s - a +0 dagger
 w - a +0 shortbow
 x - a +0 flail
Missiles
 u - 9 boomerangs (quivered)
Armour
 b - a +0 animal skin
 k - a +0 leather armour
 m - the +1 leather armour "Juutoeqo" (worn) {rElec rPois Int-2 Dex+8}
   (You found it on level 2 of the Dungeon)

   Int:       It affects your intelligence (-2).
   Dex:       It affects your dexterity (+8).
   rElec:     It insulates you from electricity.
   rPois:     It protects you from poison.
 p - a +0 scale mail
 t - an orb of mayhem
Wands
 v - a wand of polymorph (8)
Scrolls
 c - 2 scrolls of teleportation {unknown}
 g - a scroll of acquirement {unknown}
 j - a scroll of torment {unknown}
 l - 2 scrolls of butterflies {unknown}
 n - 6 scrolls of identify {unknown}
 q - a scroll of vulnerability {unknown}
 r - a scroll of fear {unknown}
Potions
 d - a potion of resistance {unknown}
 e - 2 potions of curing {unknown}
 f - a potion of invisibility {unknown}
 h - a potion of berserk rage {unknown}
 i - a potion of attraction {unknown}


   Skills:
 + Level 5.7 Fighting
 + Level 2.6 Short Blades
 + Level 5.4 Polearms
 + Level 4.1 Armour
 + Level 4.5 Dodging
 + Level 2.0 Stealth


You had 6 spell levels left.
You didn't know any spells.
Your spell library contained the following spells:

 Spells                   Type           Power      Damage    Failure   Level
 Animate Armour           Summ/Erth      0%         N/A       100%        4
 Blade Hands              Tmut           0%         N/A       100%        5
 Iron Shot                Conj/Erth      0%         9d1       100%        6


Dungeon Overview and Level Annotations

Branches:
Dungeon (5/15)             Temple (0/1) D:5

Altars:

Shops:
D:1 [


Innate Abilities, Weirdness & Mutations

You have a pair of horns on your head.
You reflexively headbutt those who attack you in melee.


Message History

Unknown command.
Unknown command.
You hit something. You headbutt something!
The orc wizard gestures wildly while chanting.
The orc wizard flickers and vanishes!
Something hits you but does no damage.
You hit something. Something hits you.
You hit something. Trog accepts your kill.
Trog appreciates your killing of a magic user.
Reactivating autopickup.
You feel a bit more experienced.
You hit the orc priest. Your headbutt misses the orc priest.
The orc priest is moderately wounded.
The orc priest casts a cantrip, but nothing happens.
You hit the orc priest but do no damage.
The orc priest is moderately wounded.
The orc priest barely misses you. You furiously retaliate!
You headbutt the orc priest!
You kill the orc priest!
Trog accepts your kill.
A magic dart appears from out of thin air!
Deactivating autopickup; reactivate with Ctrl-A.
The magic dart hits you.
Your Stealth skill increases to level 2!
The ogre hits you with a +0 giant club!!
* * * LOW HITPOINT WARNING * * *
Something hits you.
* * * LOW HITPOINT WARNING * * *
Items here: $ )) [[.
You miss something. Something barely misses you. The ogre closely misses you.
Unknown command.
You hit something. You barely miss something.
Something hits you but does no damage. The ogre closely misses you.
Unknown command.
You hit something. Something hits you but does no damage.
You closely miss something. Something hits you.
* * * LOW HITPOINT WARNING * * *
The ogre hits you with a +0 giant club!!
You die...

.. ## ###.## ..
..... . #...#
#.#...
#####.#..#
......O{># #@#
#.# #.# # #.#
#.#.#
#.#.#######
#..........
......#.#######
#####.#.#


You could see an ogre.

Vanquished Creatures
  Menkaure (D:4)
  2 ice beasts (D:5)
  A centaur (D:5)
  A scorpion (D:4)
  A hound (D:4)
  An orc priest (D:5)
  2 iguanas (D:4)
  An orc wizard (D:5)
  2 adders
  2 dart slugs
  2 orcs (D:4)
  5 ball pythons
  3 endoplasms
  A giant cockroach (D:1)
  4 goblins
  4 hobgoblins
  4 jackals (D:1)
  A kobold (D:2)
  A quokka (D:1)
  2 frilled lizards (D:2)
  4 rats
45 creatures vanquished.

Vanquished Creatures (others)
  3 plants (D:1)
  3 withered plants (D:1)
6 creatures vanquished.

Grand Total: 51 creatures vanquished

Notes
Turn   | Place    | Note
-------+----------+-------------------------------------------
     0 | D:1      | QwertyIsDirtey the Minotaur Berserker began the quest for
                  | the Orb.
     0 | D:1      | Reached XP level 1. HP: 19/19 MP: 0/0
   213 | D:1      | Found a faded altar of an unknown god.
   325 | D:1      | Found Rurch's Antique Armour Emporium.
   338 | D:1      | Reached XP level 2. HP: 20/27 MP: 1/1
   810 | D:2      | Reached XP level 3. HP: 33/33 MP: 2/2
  1188 | D:2      | Identified the +1 leather armour "Juutoeqo" {rElec rPois
                  | Int-2 Dex+8}
  1371 | D:3      | You fall into a shaft and drop 1 floor!
  1418 | D:4      | Reached ** piety under Trog
  1522 | D:4      | Noticed a scorpion
  1530 | D:4      | Killed a scorpion
  1531 | D:4      | Reached XP level 4. HP: 33/41 MP: 3/3
  1660 | D:4      | Reached XP level 5. HP: 20/47 MP: 4/4
  1860 | D:4      | Noticed Menkaure
  1884 | D:4      | Killed Menkaure
  1885 | D:4      | Reached skill level 5 in Fighting
  1885 | D:4      | Reached skill level 1 in Short Blades
  1885 | D:4      | Reached skill level 5 in Polearms
  1885 | D:4      | Reached skill level 1 in Stealth
  1885 | D:4      | Reached XP level 6. HP: 18/56 MP: 5/5
  2128 | D:5      | Entered Level 5 of the Dungeon
  2136 | D:5      | Noticed an ice beast
  2167 | D:5      | Killed an ice beast
  2371 | D:5      | Noticed an ice beast
  2379 | D:5      | Killed an ice beast
  2385 | D:5      | Found a staircase to the Ecumenical Temple.
  2430 | D:5      | Reached XP level 7. HP: 19/62 MP: 6/6
  2526 | D:5      | HP: 1/62 [something (3)]
  2531 | D:5      | HP: 1/62 [something (1)]
  2531 | D:5      | Annihilated by an ogre

Illustrated notes

Levels and vault maps discovered:
D:1:      dpeg_arrival_fog, layout_loops_ring,
          shapermc_ecumenical_altar_flowoftime, serial_shops,
          nicolae_diamond_shop
D:2:      layout_basic, serial_co_window_serial, co_window_of_opportunity_a,
          co_window_of_opportunity_a, co_window_paths_a,
          co_window_of_opportunity_a, co_window_corner_a, co_window_paths_a,
          co_window_paths_a, co_window_paths_b, co_window_paths_b,
          co_window_paths_c, co_window_broadway_c, co_window_corner_ca,
          co_window_broadway_c, co_window_paths_c, co_window_4corner_a,
          glass_columns_a
D:3:      layout_rooms, mainiacjoe_overflow_brackets,
          chequers_serial_rivers_small_a
D:4:      layout_basic, uniq_menkaure
D:5:      layout_basic, minmay_temple_entry_drinking_statues,
          nicolae_fountain_basement

Skill      XL: |  1  2  3  4  5  6  7 |
---------------+----------------------+-----
Polearms       | 4 5 |  5.4
Fighting       | 4 5 |  5.7
Dodging        | 3 4 |  4.5
Short Blades   | 1 2 |  2.6
Armour         | 3 4 |  4.1
Stealth        | 1 2 |  2.0

Action                   |  1- 3 |  4- 6 |  7- 9 || total
-------------------------+-------+-------+-------++-------
Melee: Spear             |    76 |       |       ||    76
       Headbutt          |    18 |    19 |     1 ||    38
       Punch             |     2 |       |       ||     2
       Dagger            |     5 |    62 |    12 ||    79
Invok: Berserk           |       |     1 |       ||     1
 Stab: Distracted        |       |     1 |       ||     1
Armor: Animal skin       |     7 |       |       ||     7
       Leather armour    |     3 |    13 |     4 ||    20
Dodge: Dodged            |    51 |    52 |     6 ||   109
